 Dungeon Crawl Stone Soup version 0.24.0-1-gfbc8707 (webtiles) character file.

Game seed: 5772667280936168861, levelgen mode: deterministic

774 Minkie the Geomancer (level 7, 0/32 HPs)
             Began as a Gargoyle Earth Elementalist on Nov 10, 2019.
             Was an Initiate of Hepliaklqana.
             Slain by plsesad's ghost (7 damage)
             ... on level 5 of the Dungeon.
             The game lasted 00:21:38 (4177 turns).

Minkie the Geomancer (Gargoyle Earth Elementalist)  Turns: 4177, Time: 00:21:39

Health: 0/32       AC:  7    Str: 11    XL:     7   Next: 84%
Magic:  8/15       EV: 12    Int: 18    God:    Hepliaklqana [......]
Gold:   207        SH:  0    Dex: 10    Spells: 13/17 levels left

rFire    . . .     SeeInvis .   x - +2 flail (drain)
rCold    . . .     Gourm    .   (no shield)
rNeg     + . .     Faith    .   c - +0 robe
rPois    ∞         Spirit   .   C - +0 helmet
rElec    +         Reflect  .   (no cloak)
rCorr    .         Harm     .   (no gloves)
MR       +....                  (no boots)
Stlth    +++.......             (no amulet)
HPRegen  0.10/turn              g - ring of stealth
MPRegen  0.14/turn              q - ring of protection from magic

@: no status effects
A: reduced essence, negative energy resistance 1, electricity resistance,
unbreathing, petrification resistance, rot immunity, AC +4
a: Recall Ancestor, Ancestor Identity, Renounce Religion


You were on level 5 of the Dungeon.
You worshipped Hepliaklqana.
Hepliaklqana was noncommittal.
You were hungry.

You visited 1 branch of the dungeon, and saw 6 of its levels.

You collected 207 gold pieces.

Inventory:

Hand Weapons
 x - a +2 flail of draining (weapon)
Missiles
 b - 33 stones (quivered)
Armour
 c - a +0 robe (worn)
 C - a +0 helmet (worn)
Jewellery
 g - a ring of stealth (left hand)
 m - an uncursed ring of flight
 q - a ring of protection from magic (right hand)
 u - an uncursed ring of ice
Wands
 D - a wand of acid (8)
Scrolls
 f - 2 scrolls of random uselessness {unknown}
 i - 6 scrolls of teleportation {unknown}
 n - 4 scrolls of identify {unknown}
 o - 2 scrolls of blinking {unknown}
 p - 2 scrolls of remove curse {unknown}
 r - a scroll of immolation
 s - 2 scrolls of enchant weapon {unknown}
 y - 3 scrolls of noise {unknown}
Potions
 a - 3 potions of degeneration {unknown}
 e - 2 potions of lignification {unknown}
 j - a potion of might {unknown}
 k - a potion of mutation {unknown}
 l - 3 potions of curing
 t - a potion of agility {unknown}
 v - a potion of brilliance {unknown}
 w - 2 potions of heal wounds {unknown}
 z - a potion of invisibility {unknown}
 A - a potion of flight {unknown}
 B - a potion of ambrosia {unknown}
Comestibles
 d - 6 rations
 h - 8 chunks of flesh


   Skills:
 - Level 1.5 Dodging
 - Level 2.1 Stealth
 + Level 5.7 Spellcasting
   Level 0.7 Transmutations
 + Level 8.0 Earth Magic


You had 13 spell levels left.
You knew the following spells:

 Your Spells              Type           Power        Failure   Level  Hunger
a - Sandblast             Erth           ####..       1%          1    None
b - Stone Arrow           Conj/Erth      ###...       7%          3    ##.....

Your spell library contained the following spells:

 Spells                   Type           Power        Failure   Level  Hunger
 Passwall                 Tmut/Erth      ###.....     3%          2    None
 Animate Skeleton         Necr           N/A          12%         1    None
 Apportation              Tloc           #.....       12%         1    None
 Confusing Touch          Hex            #.....       12%         1    None
 Magic Dart               Conj           #...         12%         1    None
 Summon Small Mammal      Summ           #...         12%         1    None
 Lee's Rapid Deconstruct  Erth           ####......   12%         5    #####..
 Searing Ray              Conj           #.....       19%         2    None
 Petrify                  Tmut/Erth      ###.....     21%         4    ####...
 Dazzling Spray           Conj/Hex       #.....       36%         3    ##.....
 Force Lance              Conj/Tloc      #.......     77%         4    ####...
 Fulminant Prism          Conj/Hex       #.........   77%         4    ####...
 Iskenderun's Mystic Bla  Conj           #.......     77%         4    ####...


Dungeon Overview and Level Annotations

Branches:
Dungeon (6/15)             Temple (0/1) D:4

Altars:
Hepliaklqana

Annotations:
D:5 plsesad's ghost, novice HaHu


Innate Abilities, Weirdness & Mutations

You are resistant to torment.
Your stone body is resilient. (AC +4)
You are immune to poison.
You resist negative energy. (rN+)
You are resistant to electric shocks. (rElec)
You can survive without breathing.
You are immune to petrification.
You are immune to rotting.
Your life essence is reduced to manifest your ancestor. (-10% HP)


Message History

Rabi barely misses plsesad's ghost.
You hit plsesad's ghost.
Plsesad's ghost is heavily damaged.
Plsesad's ghost hits you but does no damage.
Rabi hits plsesad's ghost but does no damage.
Plsesad's ghost hits Rabi!
You barely miss plsesad's ghost.
Plsesad's ghost is heavily damaged.
Rabi hits plsesad's ghost!
Plsesad's ghost hits Rabi!
You catch the helpless plsesad's ghost completely off-guard!
You hit plsesad's ghost.
Plsesad's ghost is severely damaged.
Rabi hits plsesad's ghost.
Plsesad's ghost barely misses you.
Rabi barely misses plsesad's ghost.
You hit plsesad's ghost but do no damage.
Plsesad's ghost is almost destroyed.
Plsesad's ghost hits you!
* * * LOW HITPOINT WARNING * * *
Rabi hits plsesad's ghost.
Plsesad's ghost hits you!
You die...

#.. ##.#.##.##
#.###....##..#
##......#####.###
.....##.# #...##
......#.### ###..##
.#........### #...#
#.####.#...# #.####
.####..##.# #.R#§§
#........#.# #.@WZ§
######.#...####.#§§
#.##...# ###### .#
#.##.#.#####..# #.#
#.##.#....##..### #.#
####)....###.#.....###.#
####.....####
#........##.# .....##.##
###.####..#.#
#######..###### #.#
#....######


You could see the friendly Rabi the ancestor, plsesad's ghost and a bullfrog
zombie.

Vanquished Creatures
  Grinder (D:4)
  Menkaure (D:4)
  2 ogres
  A bullfrog zombie (D:6)
  Robin (D:4)
  4 adders
  2 gnolls (D:4)
  An ooze (D:2)
  4 dart slugs
  2 leopard geckos
  11 orcs
  A ball python (D:1)
  5 bats
  A giant cockroach (D:2)
  9 goblins
  15 hobgoblins
  4 jackals
  6 kobolds
  2 quokkas (D:2)
  6 frilled lizards
  2 leopard gecko skeletons
  13 rats
94 creatures vanquished.

Vanquished Creatures (collateral kills)
  A centaur skeleton (D:4)
  A worker ant (D:5)
  A gnoll (D:4)
  A leopard gecko (D:4)
  2 hobgoblins (D:4)
  3 jackals (D:4)
  A goblin (D:4)
10 creatures vanquished.

Vanquished Creatures (others)
  An ancestor (D:4)
1 creature vanquished.

Grand Total: 105 creatures vanquished

Notes
Turn   | Place    | Note
-------+----------+-------------------------------------------
     0 | D:1      | Minkie the Gargoyle Earth Elementalist began the quest for
                  | the Orb.
     0 | D:1      | Reached XP level 1. HP: 10/10 MP: 3/3
   235 | D:1      | Reached XP level 2. HP: 15/15 MP: 1/5
   291 | D:1      | Reached skill level 4 in Earth Magic
   594 | D:1      | Reached XP level 3. HP: 19/19 MP: 3/6
   920 | D:1      | Learned a level 3 spell: Stone Arrow
  1207 | D:2      | Reached XP level 4. HP: 24/24 MP: 8/8
  1263 | D:2      | Reached skill level 5 in Earth Magic
  2839 | D:4      | Found a hazy altar of Hepliaklqana.
  2849 | D:4      | Became a worshipper of Hepliaklqana the Forgotten
  2872 | D:4      | Noticed Menkaure
  2881 | D:4      | Killed Menkaure
  2881 | D:4      | Reached skill level 6 in Earth Magic
  2881 | D:4      | Reached XP level 5. HP: 21/25 MP: 3/11
  2881 | D:4      | Reached XP level 6. HP: 24/28 MP: 3/12
  2989 | D:4      | You fall into a shaft and drop 2 floors!
  3020 | D:5      | Entered Level 5 of the Dungeon
  3387 | D:4      | Reached skill level 7 in Earth Magic
  3387 | D:4      | Reached XP level 7. HP: 32/32 MP: 9/14
  3388 | D:4      | Noticed Grinder
  3409 | D:4      | Killed Grinder
  3409 | D:4      | Reached skill level 5 in Spellcasting
  3786 | D:4      | Found a staircase to the Ecumenical Temple.
  3786 | D:4      | Noticed Robin
  3788 | D:4      | Killed Robin
  4052 | D:5      | Reached skill level 8 in Earth Magic
  4160 | D:5      | Found a runed translucent door.
  4160 | D:5      | Noticed plsesad's ghost (novice HaHu)
  4177 | D:5      | Slain by plsesad's ghost

Levels and vault maps discovered:
D:1:      lordsloth_arrival_two_stooges, layout_loops_cross,
          chequers_serial_rivers_micro_a, grunt_decor_mini_mirrors
D:2:      layout_basic
D:3:      layout_rooms
D:4:      layout_cave_pools, nicolae_overflow_crystal_walls, temple_green,
          first_ration, uniq_grinder, uniq_menkaure, uniq_robin
D:5:      layout_rooms, ebering_ghost_inner_flame
D:6:      minmay_flawed_box, layout_basic, guppyfry_early_elven_hall

Skill      XL: |  1  2  3  4  5  6  7 |
---------------+----------------------+-----
Earth Magic    | 4 6 7 8 |  8.0
Spellcasting   | 3 4 5 |  5.7
Dodging        | |  1.5
Stealth        | |  2.1
Transmutations | |  0.7

Action                   |  1- 3 |  4- 6 |  7- 9 || total
-------------------------+-------+-------+-------++-------
Melee: Unarmed           |     9 |       |       ||     9
       Dagger            |    30 |    53 |       ||    83
       Hand axe          |       |    35 |       ||    35
       Flail             |       |    35 |    43 ||    78
 Cast: Sandblast         |    39 |    28 |       ||    67
       Stone Arrow       |       |     3 |     9 ||    12
Invok: Recall Ancestor   |       |     2 |       ||     2
       Ancestor Identity |       |     1 |     1 ||     2
 Stab: Sleeping          |     3 |     4 |     1 ||     8
       Distracted        |       |       |     1 ||     1
  Eat: Chunk             |     1 |     7 |     3 ||    11
Armor: Robe              |    13 |    61 |    15 ||    89
Dodge: Dodged            |    36 |    91 |    24 ||   151
